Map: Ciudad Esmeralda EE

Players

SIMPSON

  • Race: Protoss Protoss
  • League: Silver
  • Spawn Location: 5:00

BeachChicken

  • Race: Terran Terran
  • Spawn Location: 5:00

MrFercho - Winner!

  • Race: Zerg Zerg
  • Spawn Location: 11:00

tigro - Winner!

  • Race: Terran Terran
  • League: Bronze
  • Spawn Location: 11:00

VOD

Have the link to the VOD?

Description

Time

  • Played on: June 11, 2020, 10:14 p.m.
  • Length: 14:53
Show
View Real Time Build Order
Export as new Build Order

SIMPSON Protoss 

Build Orders:  

Get SALT Encoding   

  1  0:00  Probe  
  13  0:10  Probe  
  14  0:24  Pylon  
  14  0:32  Assimilator  
  14  0:34  Probe  
  15  0:37  Assimilator  
  15  0:50  Forge  
  15  1:05  Pylon  
  15  1:14  Gateway  
  15  1:15  Probe  
  15  1:22  Pylon  
  15  1:23  Probe  
  17  1:33  Probe  
  18  1:42  Photon Cannon  
  18  1:52  Photon Cannon  
  18  2:04  Photon Cannon  
  18  2:11  Probe  
  19  2:19  Probe, Cybernetics Core  
  20  2:49  Nexus  
  20  2:55  Probe  
  21  3:06  Shield Battery  
  21  3:07  Probe  
  22  3:14  Shield Battery  
  22  3:20  Probe  
  23  3:28  Probe  
  23  3:31  Protoss Air Weapons Level 1  
  24  3:35  Assimilator  
  24  3:38  Probe  
  25  3:42  Assimilator  
  25  3:58  Robotics Facility, Probe  
  26  4:04  Pylon  
  26  4:10  Probe  
  26  4:14  Pylon  
  27  4:17  Protoss Ground Weapons Level 1  
  27  4:28  Robotics Facility  
  27  4:29  Probe  
  27  4:34  Probe  
  27  4:38  Probe  
  29  4:42  Probe  
  30  4:47  Probe  
  32  4:57  Immortal  
  36  5:03  Probe  
  36  5:06  Probe  
  38  5:15  Probe  
  38  5:19  Probe  
  38  5:21  Immortal  
  44  5:28  Probe  
  45  5:39  Protoss Air Armor Level 1  
  45  5:41  Stargate  
  45  5:42  Immortal  
  49  5:54  Twilight Council  
  49  5:58  Pylon  
  49  6:03  Probe  
  50  6:08  Immortal  
  54  6:15  Probe  
  55  6:25  Protoss Ground Armor Level 1  
  55  6:41  Nexus  
  55  6:47  Pylon  
  55  6:49  Pylon  
  55  6:50  Phoenix  
  57  6:54  Immortal  
  61  7:05  Immortal  
  65  7:16  Probe  
  65  7:22  Probe  
  67  7:28  Probe, Phoenix  
  70  7:34  Probe  
  71  7:39  Immortal  
  71  7:40  Probe  
  76  7:46  Probe  
  76  7:50  Immortal  
  81  7:52  Probe  
  82  7:59  Probe  
  82  8:04  Probe  
  82  8:05  Probe  
  85  8:17  Assimilator, Pylon, Probe  
  85  8:19  Pylon, Observer  
  87  8:21  Assimilator  
  87  8:26  Phoenix  
  89  8:29  Probe, Observer  
  91  8:34  Protoss Shields Level 1  
  91  8:40  Immortal  
  95  8:41  Probe  
  96  8:53  Probe  
  97  8:57  Immortal  
  97  9:01  Phoenix  
  103  9:19  Immortal  
  107  9:34  Void Ray  
  107  9:36  Immortal  
  115  9:40  Stargate x2  
  115  9:59  Immortal  
  119  10:15  Immortal  
  119  10:17  Phoenix  
  95  10:38  Immortal  
  95  10:42  Phoenix, Protoss Ground Weapons Level 2  
  79  10:50  Void Ray x2  
  79  10:55  Immortal  
  91  11:07  Void Ray  
  95  11:33  Void Ray  
  95  11:34  Observer  
  95  11:38  Void Ray  
  104  11:43  Immortal  
  108  11:50  Void Ray  
  112  11:55  Immortal  
  112  11:58  Fleet Beacon  
  116  12:16  Void Ray  
  116  12:21  Void Ray  
  124  12:41  Void Ray  
  76  12:54  Immortal  
  76  12:55  Immortal  
  54  13:33  Carrier x2  
Show
View Real Time Build Order
Export as new Build Order

BeachChicken Terran 

Build Orders:  

Get SALT Encoding   

  12  0:37  Command Center  
  12  0:49  Supply Depot  
  12  0:51  SCV  
  13  1:04  SCV  
  14  1:15  Barracks  
  14  1:18  SCV  
  15  1:30  SCV  
  16  1:42  SCV  
  16  1:46  Barracks  
  17  1:51  Refinery  
  17  1:59  Engineering Bay  
  17  2:01  SCV  
  18  2:13  SCV x2  
  20  2:19  Marine  
  21  2:25  SCV x2  
  23  2:35  Engineering Bay  
  23  2:37  SCV  
  23  2:44  Marine  
  24  2:45  Marine  
  26  3:01  Barracks  
  26  3:08  Missile Turret  
  26  3:22  Barracks Reactor x2  
  26  3:29  SCV  
  27  3:41  SCV  
  28  3:48  Barracks Tech Lab  
  28  3:52  SCV  
  29  3:58  Marine x2  
  29  3:59  Marine x2, Refinery  
  33  4:03  Terran Infantry Weapons Level 1  
  33  4:06  SCV  
  34  4:10  Refinery  
  34  4:11  Refinery  
  34  4:18  SCV  
  35  4:25  Barracks  
  35  4:30  Barracks  
  35  4:35  Marine  
  35  4:36  Marine  
  35  4:37  Marine  
  38  4:41  Terran Infantry Armor Level 1  
  38  4:45  Supply Depot  
  38  4:59  Supply Depot  
  38  5:00  Stimpack  
  38  5:06  Marine x4  
  38  5:07  Marine, SCV  
  43  5:13  Supply Depot  
  44  5:19  SCV  
  45  5:23  Barracks Reactor  
  45  5:32  Barracks Reactor  
  45  5:38  Marine x2  
  45  5:39  Marine x2, Factory  
  49  5:45  Missile Turret  
  49  5:52  SCV  
  50  6:04  SCV  
  51  6:15  Missile Turret  
  51  6:19  Marine x4  
  51  6:20  Marine x3  
  51  6:21  Marine  
  51  6:22  Marine  
  60  6:32  Hi-Sec Auto Tracking  
  60  6:41  Missile Turret  
  60  6:55  Factory Reactor  
  60  7:00  Armory  
  60  7:14  Starport  
  60  7:22  Starport  
  36  8:01  SCV  
  36  8:05  Starport Reactor x2  
  33  8:06  Marine  
  33  8:07  Marine x4  
  33  8:08  Marine x4  
  33  8:10  Combat Shield  
  33  8:12  Terran Infantry Weapons Level 2  
  42  8:13  SCV, Terran Infantry Armor Level 2  
  43  8:25  Marine  
  44  8:32  Marine x4  
  44  8:33  Marine x2  
  44  8:34  Marine x2  
  52  8:47  Command Center  
  52  8:52  Medivac  
  54  8:59  Medivac  
  56  9:08  Marine  
  56  9:09  Marine x4  
  60  9:10  Marine  
  62  9:17  Factory  
  62  9:22  Factory  
  62  9:58  Marine x4  
  62  9:59  SCV  
  45  10:29  Marine x5  
  45  10:30  Marine x3  
  45  10:31  Marine  
  45  10:33  Terran Infantry Weapons Level 3  
  45  10:34  Terran Infantry Armor Level 3  
  54  10:37  Factory Reactor x2  
  54  10:46  SCV  
  54  10:47  Marine  
  56  10:58  SCV  
  56  11:02  Medivac x2  
  61  11:05  Marine x2  
  61  11:06  Marine x4  
  61  11:07  Marine x3  
  70  11:17  Widow Mine x2  
  70  11:18  Widow Mine  
  76  11:22  Orbital Command  
  76  11:24  Marine  
  77  12:06  Missile Turret  
  77  12:29  SCV  
  77  12:35  Widow Mine  
  77  12:36  Widow Mine x2  
  76  12:37  Hellion x2  
  76  12:41  SCV  
  62  12:45  Marine x2  
  62  12:46  Marine x4  
  62  12:47  Marine  
  62  12:48  Widow Mine  
  67  12:53  SCV  
  67  12:58  Hellion, Widow Mine  
  70  12:59  Widow Mine  
  70  13:03  Marine x3  
  70  13:05  SCV  
  72  13:19  Widow Mine  
  64  13:27  Marine x4  
  64  13:28  Marine x3  
  64  13:29  Marine x2  
  65  13:45  Marine x4  
  65  13:46  Marine x3  
  63  14:03  Marine x2  
  63  14:04  Marine  
  59  14:22  Marine  
Show
View Real Time Build Order
Export as new Build Order

MrFercho Zerg - Winner!

Build Orders: Hatch First 

Get SALT Encoding   

  12  0:01  Drone  
  13  0:13  Overlord  
  13  0:20  Drone  
  14  0:31  Drone  
  14  0:35  Drone  
  16  0:54  Drone  
  17  0:58  Hatchery, Drone  
  17  1:01  Drone  
  18  1:08  Drone  
  19  1:23  Spawning Pool  
  18  1:27  Overlord  
  19  1:32  Extractor, Drone  
  18  1:41  Drone  
  19  1:54  Drone  
  19  2:01  Drone  
  21  2:12  Queen x2  
  21  2:13  Drone x2  
  27  2:21  Drone  
  27  2:22  Drone  
  29  2:32  Drone  
  29  2:33  Drone  
  31  2:40  Roach Warren  
  31  2:42  Drone  
  31  2:47  Drone  
  32  2:56  Lair  
  32  2:57  Queen  
  34  2:59  Drone x2  
  36  3:12  Overlord x2  
  36  3:39  Roach  
  36  3:40  Roach x6  
  50  3:43  Drone x2  
  50  3:47  Extractor, Drone  
  52  4:10  Overlord x2  
  52  4:11  Overlord  
  52  4:19  Hatchery  
  51  4:24  Drone  
  52  4:35  Drone x6  
  58  4:43  Extractor  
  57  4:46  Drone x2  
  57  4:47  Drone  
  60  4:55  Glial Reconstitution  
  60  5:03  Evolution Chamber  
  59  5:08  Hydralisk Den  
  59  5:10  Drone  
  59  5:11  Drone x5  
  64  5:20  Evolution Chamber  
  63  5:51  Drone  
  63  5:54  Zerg Missile Weapons Level 1  
  64  5:57  Grooved Spines  
  64  6:07  Drone  
  64  6:08  Extractor, Drone x2  
  64  6:11  Drone x4  
  70  6:19  Zerg Ground Armor Level 1  
  70  6:32  Drone x3  
  73  6:38  Drone x9  
  82  6:45  Overlord  
  82  6:46  Overlord x3  
  82  6:47  Extractor  
  82  6:48  Extractor  
  80  6:57  Hatchery x2  
  80  6:58  Drone x3  
  80  7:00  Hatchery  
  80  7:04  Hydralisk  
  80  7:05  Hydralisk x4  
  80  7:08  Muscular Augments  
  90  7:09  Overlord  
  90  7:20  Drone x4  
  94  7:23  Queen  
  67  7:46  Hydralisk x10  
  87  7:53  Spine Crawler  
  87  7:56  Spine Crawler  
  85  8:13  Drone x7  
  92  8:30  Overlord x4  
  92  8:31  Overlord  
  92  8:32  Overlord x4  
  92  8:39  Zerg Missile Weapons Level 2, Zerg Ground Armor Level 2  
  92  8:51  Hatchery  
  92  8:54  Hatchery  
  90  8:57  Hydralisk x9  
  90  8:58  Hydralisk x6  
  120  9:12  Spore Crawler  
  120  9:13  Spore Crawler  
  118  9:18  Spine Crawler  
  118  9:20  Drone  
  118  9:21  Drone  
  118  9:23  Drone x2  
  121  9:25  Drone  
  121  9:27  Drone  
  121  9:28  Drone x2  
  121  9:29  Drone x4  
  121  9:30  Drone x6  
  121  9:31  Drone x3  
  137  9:32  Drone x2  
  140  9:45  Hydralisk x6  
  140  9:46  Hatchery, Hydralisk x3  
  157  10:00  Queen  
  157  10:01  Hatchery  
  158  10:10  Infestation Pit  
  151  10:28  Hydralisk  
  151  10:29  Hydralisk x18  
  163  11:13  Extractor  
  163  11:17  Extractor  
  161  11:23  Hydralisk x18  
  197  11:32  Drone x3  
  200  11:46  Extractor, Drone  
  200  11:47  Extractor, Drone  
  166  13:10  Hive  
  148  13:44  Hydralisk x2  
  148  13:45  Hydralisk x26  
  148  13:46  Hydralisk x3  
  196  13:58  Overseer  
  196  14:05  Hydralisk x2  
Show
View Real Time Build Order
Export as new Build Order

tigro Terran - Winner!

Build Orders:  

Get SALT Encoding   

  12  0:03  SCV  
  13  0:15  SCV  
  14  0:27  SCV  
  15  0:29  Supply Depot  
  15  0:35  Refinery  
  15  0:50  SCV  
  15  0:56  Barracks  
  16  1:02  SCV  
  17  1:08  Refinery  
  17  1:14  SCV  
  18  1:24  Supply Depot  
  18  1:27  SCV  
  19  1:41  SCV  
  20  1:50  Marine  
  20  1:53  SCV  
  22  2:05  SCV  
  22  2:06  Barracks  
  22  2:08  Marine  
  24  2:23  Engineering Bay  
  24  2:24  Orbital Command  
  24  2:26  Marine  
  25  2:44  Marine  
  26  2:57  Barracks Tech Lab  
  26  3:01  Marine  
  27  3:10  Factory  
  27  3:20  Command Center  
  27  3:25  Barracks Tech Lab  
  27  3:36  Terran Infantry Weapons Level 1  
  27  3:50  Combat Shield  
  27  3:57  Factory Tech Lab  
  27  4:10  Refinery  
  27  4:15  Marine x2  
  29  4:32  Marine  
  29  4:33  Marine  
  29  4:34  Refinery  
  31  4:44  Starport  
  31  4:45  SCV  
  31  4:50  Marine x2  
  34  4:53  Siege Tank  
  34  4:58  SCV  
  38  5:08  Marine x2  
  38  5:10  SCV  
  41  5:22  SCV  
  41  5:26  Marine x2  
  44  5:31  Terran Infantry Armor Level 1  
  44  5:34  Medivac, Armory, SCV  
  47  5:47  SCV  
  48  5:59  SCV  
  49  6:11  SCV  
  50  6:13  Starport Tech Lab  
  50  6:16  Supply Depot  
  50  6:23  SCV  
  51  6:30  Fusion Core  
  51  6:35  SCV  
  52  7:05  Terran Vehicle Weapons Level 1  
  52  7:17  Thor  
  58  7:22  Missile Turret  
  58  7:25  Weapon Refit, Neosteel Armor  
  56  7:44  Missile Turret  
  56  7:49  Marine x2  
  43  7:53  Planetary Fortress  
  43  8:07  Marine x2  
  43  8:09  Medivac  
  47  8:12  Missile Turret  
  47  8:25  Marine x2  
  49  8:34  Missile Turret  
  49  8:39  Medivac  
  51  8:42  Marine  
  51  8:43  Marine  
  51  8:45  SCV  
  54  8:57  Siege Tank  
  54  8:58  SCV  
  54  8:59  Missile Turret  
  54  9:00  Marine x2, Terran Vehicle And Ship Armor Level 1  
  60  9:05  Hi-Sec Auto Tracking  
  60  9:07  Rapid Reignition System  
  60  9:09  Battlecruiser  
  66  9:10  SCV  
  67  9:22  SCV  
  67  9:24  Missile Turret  
  68  9:29  Siege Tank  
  71  9:34  SCV  
  72  10:01  Terran Infantry Weapons Level 2  
  72  10:30  Marine x2  
  74  10:39  Cyclone  
  77  10:48  Marine  
  78  10:54  Terran Ship Weapons Level 1  
  78  11:11  Supply Depot  
  78  11:32  Marine x2  
  83  11:33  Battlecruiser  
  83  11:36  Command Center  
  86  11:51  Thor, Marine x2  
  94  12:00  Supply Depot  
  94  12:22  Marine x2  
  96  12:34  Thor  
  88  12:37  Battlecruiser  
  88  12:39  Marine x2  
  85  12:57  Marine x2  
  83  13:16  Thor  
  89  13:20  Marine x2  
  90  13:38  Marine x2  
  91  13:56  Marine x2  
  84  14:14  Marine x2  
  75  14:31  Marine  
  75  14:32  Marine  
Tags
 
Add a new tag
Caveats
  • Supply blocks, unpowered buildings, or Contaminate may cause inaccurate times.
  • Supply counts are checked every 10 seconds.